Unix NetHack Version 3.7.0-65 Work-in-progress - last build Sep 26 2022 05:48:34 (a9070be95fe145525c880ceec589f5104d392f49,branch:master). Game began 2022-09-26 06:02:08, ended 2022-09-26 06:27:03. Gandelf, neutral male human Monk --- - |..- |.--.---#-...| |.....|.Y..%.--- |......@|.--%..| -..-.-#------.| --- |....# |.| --.-- #...#- |.-- |.[.---..#--- |...| |...*.......-- --%.|. --..^|.|.....| |....| --..|-|.--.#- -....-- --.--|.|---0 ....... |..||.| ......- --.--.| ......| |....-- .....- ---.....##0 ..... |.......| .... |......-- ... -------- Gandelf the Initiate St:16 Dx:14 Co:11 In:10 Wi:14 Ch:12 Neutral S:2960 Dlvl:9 $:570 HP:0(50) Pw:30(30) AC:0 Xp:6/495 T:3132 Stressed Latest messages: You swap places with your baby blue dragon. There are several objects here. The gnomish wizard deliberately jumps onto a polymorph trap! The gnomish wizard turns into a kitten! The baby blue dragon misses the kitten. You already found a monster. Use 'm' prefix to force another search. There is a falling rock trap here. You see here a rock. A trap door in the ceiling opens and a rock falls on your head! Fortunately, you are wearing a hard helmet. The kitten bites! The baby blue dragon bites the kitten. The kitten bites the baby blue dragon. The kitten bites! What do you want to use or apply? [abxAC-ENQVWY or ?*] a You produce a strange whistling sound. Your baby blue dragon shifts location. The kitten misses! The baby blue dragon bites the kitten. The kitten is killed! There are several objects here. The baby blue dragon eats a kitten corpse. Your candle is getting short. You swap places with your baby blue dragon. You miss the monkey. The monkey hits! The monkey tries to snatch your clear potions but gives up. The monkey bites! You don't have enough stamina to move. The monkey misses! The monkey bites! You don't have enough stamina to move. The monkey hits! The monkey stole an empty bag called bag1(sack?). The monkey tries to run away with your bag called bag1(sack?). The monkey misses! The monkey bites! What do you want to drop? [$a-cfgmos-uw-zB-WYZ or ?*] q You don't have that object. What do you want to drop? [$a-cfgmos-uw-zB-WYZ or ?*] Never mind. What do you want to read? [*] ? Never mind. What do you want to zap? [xD or ?*] ? In what direction? u The wand hits the monkey! The monkey misses! The monkey bites! You die... Do you want your possessions identified? [ynq] (y) q Inventory: Coins $ - 570 gold pieces Weapons u - 13 cursed -1 arrows w - 10 +0 darts Armor T - an uncursed +0 dwarvish iron helm Z - an uncursed +0 dwarvish iron helm (being worn) K - an uncursed +2 pair of leather gloves (being worn) o - an uncursed +0 pair of jumping boots c - an uncursed +0 dwarvish roundshield (being worn) f - an uncursed +0 dwarvish roundshield R - a blessed +1 dwarvish cloak U - an uncursed +0 dwarvish cloak S - an uncursed +1 robe (being worn) F - an uncursed +0 robe m - an uncursed +0 dwarvish mithril-coat Comestibles G - 2 cursed apples H - 2 cursed cloves of garlic g - 3 uncursed food rations M - a cursed food ration I - 2 uncursed fortune cookies J - an uncursed orange L - a cursed sprig of wolfsbane Potions P - an uncursed potion of invisibility t - 5 potions of holy water y - 2 uncursed potions of water O - 5 potions of unholy water Rings s - an uncursed ring of conflict Wands D - a wand of light (0:15) x - a wand of striking (0:6) Tools b - an uncursed blindfold W - a cursed figurine of a horse C - an uncursed magic lamp a - an uncursed magic whistle E - an uncursed mirror N - a cursed mirror V - a +0 pick-axe Y - an uncursed skeleton key Q - an uncursed partly used tallow candle (lit) Gems/Stones z - an uncursed worthless piece of green glass B - an uncursed worthless piece of yellow glass Gandelf the Monk's attributes: Background: You were an Initiate, a level 6 male human Monk. You were neutral, on a mission for Chih Sung-tzu who was opposed by Shan Lai Ching (lawful) and Huan Ti (chaotic). You were in the Gnomish Mines, on level 9. You entered the dungeon 3132 turns ago. There was a new moon in effect when your adventure ended. You had 495 experience points, 145 more were needed to attain level 7. Your score was 2960 before end-of-game adjustments. Basics: You had 0 out of 50 hit points. You had all 30 energy points (spell power). Your armor class was 0. Your wallet contained 570 zorkmids. Autopickup was off. Final Characteristics: Your strength was 16 (limit:18/100). Your dexterity was 14 (limit:18). Your constitution was 11 (limit:18). Your intelligence was 10 (limit:18). Your wisdom was 14 (limit:18). Your charisma was 12 (limit:18). Final Status: You were not hungry. You were stressed; movement was moderately slowed. You were empty handed. You had basic skill with martial arts and could have enhanced that. Final Attributes: You were piously aligned. You were sleep resistant. You were poison resistant. You saw invisible. You were stealthy. You were guarded. You were fast. You are dead. Miscellaneous: You encountered 1 bones level. Total elapsed playing time was 24 minutes and 55 seconds. Major events: Turn 1: Gandelf the neutral male human Monk entered the dungeon 1016: attained the rank of Novice (level 3) 2221: entered the Gnomish Mines 2646: attained the rank of Initiate (level 6) 2646: destroyed PetraKelly's ghost, the former Adept 2826: reached Mine Town 3132: killed by a monkey Vanquished creatures: a ghost a giant beetle a giant spider a gnome ruler a bugbear a violet fungus 4 gnome leaders an elf zombie a little dog a kitten 5 dwarves 4 monkeys an orc zombie 2 dwarf zombies an iguana a gas spore a hobbit 2 cave spiders a yellow mold 25 gnomes 2 geckos 7 jackals 3 goblins 5 grid bugs 3 lichens 3 kobold zombies 6 newts 85 creatures vanquished. No species were genocided or became extinct. Voluntary challenges: You followed a strict vegan diet. You never hit with a wielded weapon. You were illiterate. You never engraved Elbereth. You never genocided any monsters. You never polymorphed an object. You never changed form. You used no wishes. Achievements: You attained the rank of Novice. You entered a shop. You entered the Gnomish Mines. You attained the rank of Initiate. You entered Minetown. The Dungeons of Doom: levels 1 to 5 Level 1: An altar to Chih Sung-tzu, a fountain. Level 2: Many fountains, a sink. Level 3: A fountain, a sink. Level 4: A scroll shop. Stairs down to The Gnomish Mines. Level 5: The Gnomish Mines: levels 5 to 9 Level 5: Level 6: Level 7: A grave. Final resting place for PetraKelly-Pri-Elf-Fem-Cha, killed by a plains centaur. Level 8: A fountain. Level 9: <- You were here. Final resting place for you, killed by a monkey. Game over: ---------- / \ / REST \ / IN \ / PEACE \ / \ | Gandelf | | 570 Au | | killed by a | | monkey | | | | | | 2022 | *| * * * | * _________)/\\_//(\/(/\)/\//\/|_)_______ Goodbye Gandelf the Monk... You died in The Gnomish Mines on dungeon level 9 with 2903 points, and 570 pieces of gold, after 3132 moves. You were level 6 with a maximum of 50 hit points when you died.